Workbook

Sheet October 2014
A1: Check Number | C1: Check Date | D1: Vendor Name | F1: Transaction Amount | U1: Description | V1: Account Name | W1: Department | X1: Division | Y1: Object of Expenditure | Z1: Project Number
A2: 408007 | C2: 41926 | D2: BOB TOMES FORD | F2: 55.18 | U2: REQ# 205861 | V2: AUTO MAINTENANCE | W2: EQUIPMENT SERVICES | X2: EQUIP SERV-SHARED | Y2: REQ# 205861
F3: 242.38 | U3: Req# 205520 | V3: AUTO MAINTENANCE | W3: EQUIPMENT SERVICES | X3: EQUIP SERV-SHARED | Y3: Req# 205520
F4: 111.24 | U4: Req# 205861 | V4: AUTO MAINTENANCE | W4: EQUIPMENT SERVICES | X4: EQUIP SERV-SHARED | Y4: Req# 205861
A5: 408307 | C5: 41926 | F5: 1090.05 | U5: BLANKET PURCHASE ORDER | V5: AUTO MAINTENANCE | W5: EQUIPMENT SERVICES | X5: EQUIP SERV-SHARED | Y5: BLANKET PURCHASE ORDER
A12: 408632 | C12: 41933 | F12: 487.48 | U12: AUTO/TRUCK MAINT. ITEMS | V12: PARTS | Y12: AUTO/TRUCK MAINT. ITEMS
F13: 1816.96 | U13: BLANKET PURCHASE ORDER | V13: AUTO MAINTENANCE | W13: EQUIPMENT SERVICES | X13: EQUIP SERV-SHARED | Y13: BLANKET PURCHASE ORDER
F18: 172.44 | U18: FUEL/OIL/GREASE/LUBRICANT | V18: PARTS | Y18: FUEL/OIL/GREASE/LUBRICANT
F19: -180 | U19: INV# 5396151 | V19: AUTO MAINTENANCE | W19: EQUIPMENT SERVICES | X19: EQUIP SERV-SHARED | Y19: INV# 5396151
A20: 408983 | C20: 41940 | F20: 1125.2 | U20: BLANKET PURCHASE ORDER | V20: AUTO MAINTENANCE | W20: EQUIPMENT SERVICES | X20: EQUIP SERV-SHARED | Y20: BLANKET PURCHASE ORDER
M29: =SUM(hList_Frame_1!B1:B26) -> 4920.93
A31: 408469 | C31: 41933 | D31: BOB BARKER CO | F31: 4270.14 | U31: CLOTHING AND APPAREL | V31: DETENTION SUPPLIES | W31: SHERIFF'S OFFICE | X31: JAIL OPS-ADMIN | Y31: CLOTHING AND APPAREL
A33: 408862 | C33: 41940 | F33: 1014.9 | U33: CLOTHING AND APPAREL | V33: DETENTION SUPPLIES | W33: SHERIFF'S OFFICE | X33: JAIL OPS-ADMIN | Y33: CLOTHING AND APPAREL
M35: =SUM(hList_Frame_1!B27:B29) -> 5285.04
A37: 407961 | C37: 41919 | D37: C&W ELECTRIC SUPPLY CO | F37: 865.05 | U37: PO#180359 | V37: BUILDING MAINTENANCE | W37: FACILITIES & PARKS | X37: BUILD SUP-SHARED | Y37: PO#180359 | Z37: B21001
Z38: B21001
A39: 408984 | C39: 41940 | F39: 3251.95 | U39: ELECTRICAL EQUIP/SUPPLIES | V39: FACILITIES WAREHOUSE | Y39: ELECTRICAL EQUIP/SUPPLIES
N41: =SUM(hList_Frame_1!B30:B32) -> 4117
A43: 408008 | C43: 41926 | D43: DALLAS LITE & BARRICADE INC | F43: 431.3 | U43: AUTO/TRUCK MAINT. ITEMS | V43: AUTO LIABILITY CLAIMS | W43: HUMAN RESOURCES | X43: RISK MGMT - LIABILITY INS | Y43: AUTO/TRUCK MAINT. ITEMS
F44: -545.1 | U44: INV# 237759 | V44: AUTO LIABILITY CLAIMS | W44: HUMAN RESOURCES | X44: RISK MGMT - LIABILITY INS | Y44: INV# 237759
F45: 545.1 | U45: INV# C238649 | V45: AUTO LIABILITY CLAIMS | W45: HUMAN RESOURCES | X45: RISK MGMT - LIABILITY INS | Y45: INV# C238649
P47: =SUM(hList_Frame_1!B33:B35) -> 431.3
A49: 408985 | C49: 41940 | D49: ECOLAB INC | F49: 2744 | U49: JANITORIAL SUPPLIES-GEN. | V49: ANIMAL CARE | W49: ANIMAL SHELTER | X49: ANIMAL SHELTER-ADMIN | Y49: JANITORIAL SUPPLIES-GEN.
M53: =SUM(hList_Frame_1!B36:B38) -> 2744
A55: 408308 | C55: 41926 | D55: FARMERSVILLE AUTO SUPPLY | F55: 19.34 | U55: BLANKET PURCHASE ORDER | V55: HEAVY EQUIPMENT REPAIR | W55: EQUIPMENT SERVICES | X55: EQUIP SERV-SHARED | Y55: BLANKET PURCHASE ORDER
R57: =SUM(hList_Frame_1!B39:B39) -> 19.34
A59: 407727 | C59: 41919 | D59: MCKINNEY TIRE & APPLIANCE | F59: 158.5 | U59: CAFETERIA/KITCHEN EQUIP. | V59: ONE-TIME BUDGET NON-CAP | W59: UNALLOCATED | X59: CAPITAL REPLACEMENT | Y59: CAFETERIA/KITCHEN EQUIP.
P61: =SUM(hList_Frame_1!B40:B40) -> 158.5
A63: 407728 | C63: 41919 | D63: MCKINNEY OFFICE SUPPLY | F63: 187.04 | U63: OFFICE SUPPLIES (GENERAL) | V63: ELECTION SUPPLIES | W63: ELECTIONS | X63: CONT ELECTIONS-CONTRACT | Y63: OFFICE SUPPLIES (GENERAL)
A64: 408986 | C64: 41940 | F64: 750 | U64: OFFICE SUPPLIES (GENERAL) | V64: ELECTION SUPPLIES | W64: ELECTIONS | X64: ELECTIONS-ADMIN | Y64: OFFICE SUPPLIES (GENERAL)
P66: =SUM(hList_Frame_1!B41:B42) -> 937.04
A68: 408009 | C68: 41926 | D68: MATTHEW BENDER & CO | F68: 67.08 | U68: req#205235 PO#181000 | V68: LIBRARY UPDATES | W68: BUDGET | X68: LAW LIBRARY-ADMIN | Y68: req#205235 PO#181000
A69: 408633 | C69: 41933 | F69: 215.1 | U69: MISC PROFESSIONAL SERVICE | V69: LIBRARY UPDATES | W69: BUDGET | X69: LAW LIBRARY-ADMIN | Y69: MISC PROFESSIONAL SERVICE
P71: =SUM(hList_Frame_1!B43:B44) -> 282.18
A73: 408863 | C73: 41940 | D73: GIBBS, GREGG M PC | F73: 1781.25 | U73: 417-30076-13 | V73: COURT APPOINTED ATTORNEY | W73: INDIGENT DEFENSE | X73: INDIGENT DEFENSE | Y73: 417-30076-13 | Z73: ID417A
M75: =SUM(hList_Frame_1!B45:B45) -> 1781.25
A77: 408309 | C77: 41926 | D77: HEIDENHEIMER, MARK | F77: 100 | U77: 001-80606-13 | V77: COURT APPOINTED ATTORNEY | W77: INDIGENT DEFENSE | X77: INDIGENT DEFENSE | Y77: 001-80606-13 | Z77: IDCL1M
F78: 100 | U78: 001-83500-13 | V78: COURT APPOINTED ATTORNEY | W78: INDIGENT DEFENSE | X78: INDIGENT DEFENSE | Y78: 001-83500-13 | Z78: IDCL1M
F79: 100 | U79: 001-83502-13 | V79: COURT APPOINTED ATTORNEY | W79: INDIGENT DEFENSE | X79: INDIGENT DEFENSE | Y79: 001-83502-13 | Z79: IDCL1M
F80: 450 | U80: 001-83513-13 | V80: COURT APPOINTED ATTORNEY | W80: INDIGENT DEFENSE | X80: INDIGENT DEFENSE | Y80: 001-83513-13 | Z80: IDCL1M
F81: 450 | U81: 001-86808-14 | V81: COURT APPOINTED ATTORNEY | W81: INDIGENT DEFENSE | X81: INDIGENT DEFENSE | Y81: 001-86808-14 | Z81: IDCL1Z
A82: 408634 | C82: 41933 | F82: 450 | U82: 001-86142-14 | V82: COURT APPOINTED ATTORNEY | W82: INDIGENT DEFENSE | X82: INDIGENT DEFENSE | Y82: 001-86142-14 | Z82: IDCL1M
F83: 450 | U83: 001-88338-12 | V83: COURT APPOINTED ATTORNEY | W83: INDIGENT DEFENSE | X83: INDIGENT DEFENSE | Y83: 001-88338-12 | Z83: IDCL1M
F84: 450 | U84: 003-86581-14 | V84: COURT APPOINTED ATTORNEY | W84: INDIGENT DEFENSE | X84: INDIGENT DEFENSE | Y84: 003-86581-14 | Z84: IDCL3M
A85: 408987 | C85: 41940 | F85: 450 | U85: 004-85624-14 | V85: COURT APPOINTED ATTORNEY | W85: INDIGENT DEFENSE | X85: INDIGENT DEFENSE | Y85: 004-85624-14 | Z85: IDCL4M
M87: =SUM(hList_Frame_1!B46:B54) -> 3000
A89: 408988 | C89: 41940 | D89: POLLOCK PAPER DISTRIBUTORS | F89: 383.76 | U89: PAPER/PLASTIC, DISPOSABLE | V89: JANITORIAL SUPPLIES | W89: JUVENILE PROBATION | X89: JUV DET -ADMIN | Y89: PAPER/PLASTIC, DISPOSABLE
P91: =SUM(hList_Frame_1!B55:B55) -> 383.76
A93: 407729 | C93: 41919 | D93: THOMASON TIRE INC | F93: 780 | U93: BLANKET PURCHASE ORDER | V93: AUTO MAINTENANCE | W93: EQUIPMENT SERVICES | X93: EQUIP SERV-SHARED | Y93: BLANKET PURCHASE ORDER
A101: 408470 | C101: 41933 | F101: 460 | U101: REQ# 206187 | V101: AUTO MAINTENANCE | W101: EQUIPMENT SERVICES | X101: EQUIP SERV-SHARED | Y101: REQ# 206187
M104: =SUM(hList_Frame_1!B56:B65) -> 1240
A106: 408010 | C106: 41926 | D106: WEST PUBLISHING CORPORATION | F106: 52 | U106: REQ #205788 | V106: DUES & SUBSCRIPTIONS | W106: COUNTY COURTS | X106: CCL2-ADMIN | Y106: REQ #205788
F107: 4439.52 | U107: req#206062 | V107: COMMUNICATION LINE LEASE | W107: BUDGET | X107: LAW LIBRARY-ADMIN | Y107: req#206062
A108: 408471 | C108: 41933 | F108: 55 | U108: REQ #206125 | V108: DUES & SUBSCRIPTIONS | W108: COUNTY COURTS | X108: CCL2-ADMIN | Y108: REQ #206125
F109: 10836.5 | U109: req#206062 | V109: LIBRARY UPDATES | W109: BUDGET | X109: LAW LIBRARY-ADMIN | Y109: req#206062
A110: 408635 | C110: 41933 | F110: 483.5 | U110: PUBLICATIONS/AUDIOVISUALS | V110: LIBRARY UPDATES | W110: BUDGET | X110: LAW LIBRARY-ADMIN | Y110: PUBLICATIONS/AUDIOVISUALS
K112: =SUM(hList_Frame_1!B66:B70) -> 15866.52
A114: 407730 | C114: 41919 | D114: PLANO POWER EQUIPMENT | F114: 184.64 | U114: REQ# 205611 | V114: GROUNDS EQUIPMENT MAINT | W114: EQUIPMENT SERVICES | X114: EQUIP SERV-SHARED | Y114: REQ# 205611
A115: 408636 | C115: 41933 | F115: 127.08 | U115: AGRI. IMPLEMENTS & PARTS | V115: PARTS | Y115: AGRI. IMPLEMENTS & PARTS
F117: 23.39 | U117: AUTO/TRUCK MAINT. ITEMS | V117: PARTS | Y117: AUTO/TRUCK MAINT. ITEMS
F118: 15.69 | U118: BLANKET PURCHASE ORDER | V118: GROUNDS EQUIPMENT MAINT | W118: EQUIPMENT SERVICES | X118: EQUIP SERV-SHARED | Y118: BLANKET PURCHASE ORDER
F119: 91.64 | U119: FUEL/OIL/GREASE/LUBRICANT | V119: PARTS | Y119: FUEL/OIL/GREASE/LUBRICANT
F120: -120.33 | U120: INV# 1145183 | V120: HEAVY EQUIPMENT REPAIR | W120: EQUIPMENT SERVICES | X120: EQUIP SERV-SHARED | Y120: INV# 1145183
F121: 604.41 | U121: LAWN & GROUNDS EQUIPMENT | V121: PARTS | Y121: LAWN & GROUNDS EQUIPMENT
A123: 408989 | C123: 41940 | F123: 15.91 | U123: BLANKET PURCHASE ORDER | V123: GROUNDS EQUIPMENT MAINT | W123: EQUIPMENT SERVICES | X123: EQUIP SERV-SHARED | Y123: BLANKET PURCHASE ORDER
P125: =SUM(hList_Frame_1!B71:B80) -> 942.43
A127: 408310 | C127: 41926 | D127: FLAGS & POLES BY LEE | F127: 1169.6 | U127: PO#180342 | V127: BUILDING MAINTENANCE | W127: FACILITIES & PARKS | X127: BUILD SUP-SHARED | Y127: PO#180342 | Z127: B03001
M129: =SUM(hList_Frame_1!B81:B81) -> 1169.6
A131: 407962 | C131: 41919 | D131: AMERICAN PUBLIC WORKS ASSN | F131: 184 | U131: PRINTING&RELATED SERVICES | V131: DUES & SUBSCRIPTIONS | W131: PUBLIC WORKS | X131: R&B - ADMIN | Y131: PRINTING&RELATED SERVICES
P133: =SUM(hList_Frame_1!B82:B82) -> 184
A135: 408011 | C135: 41926 | D135: BEN E KEITH CO | F135: 1316.95 | U135: EDIBLE FOODS, STAPLE | V135: MINIMUM SECURITY FOOD | Y135: EDIBLE FOODS, STAPLE
F136: 1050.06 | U136: FOODS, PERISHABLE | V136: MINIMUM SECURITY FOOD | Y136: FOODS, PERISHABLE
F137: 195.08 | U137: FOODS, READY-TO-EAT | V137: MINIMUM SECURITY FOOD | Y137: FOODS, READY-TO-EAT
A138: 408311 | C138: 41926 | F138: 1334.85 | U138: EDIBLE FOODS, STAPLE | V138: JAIL FOOD | Y138: EDIBLE FOODS, STAPLE
F139: 575.77 | U139: FOODS, PERISHABLE | V139: JAIL FOOD | Y139: FOODS, PERISHABLE
F140: 237.58 | U140: PO #180619 | V140: FOOD SUPPLIES | W140: SHERIFF'S OFFICE | X140: MINIMUM SECURITY | Y140: PO #180619
A142: 408637 | C142: 41933 | F142: 2301.5 | U142: EDIBLE FOODS, STAPLE | V142: JAIL FOOD | Y142: EDIBLE FOODS, STAPLE
V143: MINIMUM SECURITY FOOD
F144: 2071.51 | U144: FOODS, PERISHABLE | V144: JAIL FOOD | Y144: FOODS, PERISHABLE
V145: MINIMUM SECURITY FOOD
F146: 280.8 | U146: FOODS, READY-TO-EAT | V146: MINIMUM SECURITY FOOD | Y146: FOODS, READY-TO-EAT
A147: 408990 | C147: 41940 | F147: 2681.81 | U147: EDIBLE FOODS, STAPLE | V147: FOOD SUPPLIES | W147: JUVENILE PROBATION | X147: JUV DET -ADMIN | Y147: EDIBLE FOODS, STAPLE
V148: JAIL FOOD
V149: MINIMUM SECURITY FOOD
F150: 2509.07 | U150: FOODS, PERISHABLE | V150: JAIL FOOD | Y150: FOODS, PERISHABLE
V151: MINIMUM SECURITY FOOD
F152: 73.45 | U152: HARDWARE: SHELF & ALLIED | V152: JAIL FOOD | Y152: HARDWARE: SHELF & ALLIED
F153: 155.91 | U153: PAPER/PLASTIC, DISPOSABLE | V153: DETENTION SUPPLIES | W153: JUVENILE PROBATION | X153: JUV DET -ADMIN | Y153: PAPER/PLASTIC, DISPOSABLE
V154: MINIMUM SECURITY FOOD
F155: 152.73 | U155: PO #180619 | V155: FOOD SUPPLIES | W155: SHERIFF'S OFFICE | X155: MINIMUM SECURITY | Y155: PO #180619
K158: =SUM(hList_Frame_1!B83:B104) -> 14937.07
A160: 407731 | C160: 41919 | D160: TX DEPT OF PUBLIC SAFETY | F160: 3 | U160: REQ# 205370 | V160: DUES & SUBSCRIPTIONS | W160: FIRE MARSHAL | X160: FIRE MARSHAL-ADMIN | Y160: REQ# 205370
A161: 408472 | C161: 41933 | F161: 5 | U161: REQ# 206281 | V161: DUES & SUBSCRIPTIONS | W161: FIRE MARSHAL | X161: FIRE MARSHAL-ADMIN | Y161: REQ# 206281
T163: =SUM(hList_Frame_1!B105:B106) -> 8
A165: 407732 | C165: 41919 | D165: TAB PRODUCTS CO | F165: 1040.8 | U165: OFFICE SUPPLIES (GENERAL) | V165: OFFICE SUPPLIES | W165: PURCHASING | X165: PURCHASING - ADMIN | Y165: OFFICE SUPPLIES (GENERAL)
M167: =SUM(hList_Frame_1!B107:B107) -> 1040.8
A169: 408991 | C169: 41940 | D169: ROMCO EQUIPMENT CO | F169: 1024.6 | U169: BLANKET PURCHASE ORDER | V169: HEAVY EQUIPMENT REPAIR | W169: EQUIPMENT SERVICES | X169: EQUIP SERV-SHARED | Y169: BLANKET PURCHASE ORDER
M173: =SUM(hList_Frame_1!B108:B110) -> 1024.6
A175: 407963 | C175: 41919 | D175: OFFICE OF THE ATTORNEY GENERAL | F175: 215 | U175: MISC PROFESSIONAL SERVICE | V175: EDUCATION & CONFERENCE | W175: DISTRICT ATTORNEY | X175: DA-ADMIN | Y175: MISC PROFESSIONAL SERVICE
P177: =SUM(hList_Frame_1!B111:B111) -> 215
...

Sheet hList_Frame_1
A1: =IF(ISBLANK('October 2014'!A2),"",IF(ISTEXT('October 2014'!A2),0,'October 2014'!A2)) -> 408007 | B1: =IF(ISBLANK('October 2014'!F2),"",IF(ISTEXT('October 2014'!F2),0,'October 2014'!F2)) -> 55.18
A2: =IF(ISBLANK('October 2014'!A3),"",IF(ISTEXT('October 2014'!A3),0,'October 2014'!A3)) | B2: =IF(ISBLANK('October 2014'!F3),"",IF(ISTEXT('October 2014'!F3),0,'October 2014'!F3)) -> 242.38
A3: =IF(ISBLANK('October 2014'!A4),"",IF(ISTEXT('October 2014'!A4),0,'October 2014'!A4)) | B3: =IF(ISBLANK('October 2014'!F4),"",IF(ISTEXT('October 2014'!F4),0,'October 2014'!F4)) -> 111.24
A4: =IF(ISBLANK('October 2014'!A5),"",IF(ISTEXT('October 2014'!A5),0,'October 2014'!A5)) -> 408307 | B4: =IF(ISBLANK('October 2014'!F5),"",IF(ISTEXT('October 2014'!F5),0,'October 2014'!F5)) -> 1090.05
A5: =IF(ISBLANK('October 2014'!A6),"",IF(ISTEXT('October 2014'!A6),0,'October 2014'!A6)) | B5: =IF(ISBLANK('October 2014'!F6),"",IF(ISTEXT('October 2014'!F6),0,'October 2014'!F6))
A6: =IF(ISBLANK('October 2014'!A7),"",IF(ISTEXT('October 2014'!A7),0,'October 2014'!A7)) | B6: =IF(ISBLANK('October 2014'!F7),"",IF(ISTEXT('October 2014'!F7),0,'October 2014'!F7))
A7: =IF(ISBLANK('October 2014'!A8),"",IF(ISTEXT('October 2014'!A8),0,'October 2014'!A8)) | B7: =IF(ISBLANK('October 2014'!F8),"",IF(ISTEXT('October 2014'!F8),0,'October 2014'!F8))
A8: =IF(ISBLANK('October 2014'!A9),"",IF(ISTEXT('October 2014'!A9),0,'October 2014'!A9)) | B8: =IF(ISBLANK('October 2014'!F9),"",IF(ISTEXT('October 2014'!F9),0,'October 2014'!F9))
A9: =IF(ISBLANK('October 2014'!A10),"",IF(ISTEXT('October 2014'!A10),0,'October 2014'!A10)) | B9: =IF(ISBLANK('October 2014'!F10),"",IF(ISTEXT('October 2014'!F10),0,'October 2014'!F10))
A10: =IF(ISBLANK('October 2014'!A11),"",IF(ISTEXT('October 2014'!A11),0,'October 2014'!A11)) | B10: =IF(ISBLANK('October 2014'!F11),"",IF(ISTEXT('October 2014'!F11),0,'October 2014'!F11))
A11: =IF(ISBLANK('October 2014'!A12),"",IF(ISTEXT('October 2014'!A12),0,'October 2014'!A12)) -> 408632 | B11: =IF(ISBLANK('October 2014'!F12),"",IF(ISTEXT('October 2014'!F12),0,'October 2014'!F12)) -> 487.48
A12: =IF(ISBLANK('October 2014'!A13),"",IF(ISTEXT('October 2014'!A13),0,'October 2014'!A13)) | B12: =IF(ISBLANK('October 2014'!F13),"",IF(ISTEXT('October 2014'!F13),0,'October 2014'!F13)) -> 1816.96
... A26: =IF(ISBLANK('October 2014'!A27),"",IF(ISTEXT('October 2014'!A27),0,'October 2014'!A27)) | B26: =IF(ISBLANK('October 2014'!F27),"",IF(ISTEXT('October 2014'!F27),0,'October 2014'!F27))
A27: =IF(ISBLANK('October 2014'!A31),"",IF(ISTEXT('October 2014'!A31),0,'October 2014'!A31)) -> 408469 | B27: =IF(ISBLANK('October 2014'!F31),"",IF(ISTEXT('October 2014'!F31),0,'October 2014'!F31)) -> 4270.14
A28: =IF(ISBLANK('October 2014'!A32),"",IF(ISTEXT('October 2014'!A32),0,'October 2014'!A32)) | B28: =IF(ISBLANK('October 2014'!F32),"",IF(ISTEXT('October 2014'!F32),0,'October 2014'!F32))
A29: =IF(ISBLANK('October 2014'!A33),"",IF(ISTEXT('October 2014'!A33),0,'October 2014'!A33)) -> 408862 | B29: =IF(ISBLANK('October 2014'!F33),"",IF(ISTEXT('October 2014'!F33),0,'October 2014'!F33)) -> 1014.9
A30: =IF(ISBLANK('October 2014'!A37),"",IF(ISTEXT('October 2014'!A37),0,'October 2014'!A37)) -> 407961 | B30: =IF(ISBLANK('October 2014'!F37),"",IF(ISTEXT('October 2014'!F37),0,'October 2014'!F37)) -> 865.05
A31: =IF(ISBLANK('October 2014'!A38),"",IF(ISTEXT('October 2014'!A38),0,'October 2014'!A38)) | B31: =IF(ISBLANK('October 2014'!F38),"",IF(ISTEXT('October 2014'!F38),0,'October 2014'!F38))
A32: =IF(ISBLANK('October 2014'!A39),"",IF(ISTEXT('October 2014'!A39),0,'October 2014'!A39)) -> 408984 | B32: =IF(ISBLANK('October 2014'!F39),"",IF(ISTEXT('October 2014'!F39),0,'October 2014'!F39)) -> 3251.95
A33: =IF(ISBLANK('October 2014'!A43),"",IF(ISTEXT('October 2014'!A43),0,'October 2014'!A43)) -> 408008 | B33: =IF(ISBLANK('October 2014'!F43),"",IF(ISTEXT('October 2014'!F43),0,'October 2014'!F43)) -> 431.3
A34: =IF(ISBLANK('October 2014'!A44),"",IF(ISTEXT('October 2014'!A44),0,'October 2014'!A44)) | B34: =IF(ISBLANK('October 2014'!F44),"",IF(ISTEXT('October 2014'!F44),0,'October 2014'!F44)) -> -545.1
A35: =IF(ISBLANK('October 2014'!A45),"",IF(ISTEXT('October 2014'!A45),0,'October 2014'!A45)) | B35: =IF(ISBLANK('October 2014'!F45),"",IF(ISTEXT('October 2014'!F45),0,'October 2014'!F45)) -> 545.1
A36: =IF(ISBLANK('October 2014'!A49),"",IF(ISTEXT('October 2014'!A49),0,'October 2014'!A49)) -> 408985 | B36: =IF(ISBLANK('October 2014'!F49),"",IF(ISTEXT('October 2014'!F49),0,'October 2014'!F49)) -> 2744
A37: =IF(ISBLANK('October 2014'!A50),"",IF(ISTEXT('October 2014'!A50),0,'October 2014'!A50)) | B37: =IF(ISBLANK('October 2014'!F50),"",IF(ISTEXT('October 2014'!F50),0,'October 2014'!F50))
A38: =IF(ISBLANK('October 2014'!A51),"",IF(ISTEXT('October 2014'!A51),0,'October 2014'!A51)) | B38: =IF(ISBLANK('October 2014'!F51),"",IF(ISTEXT('October 2014'!F51),0,'October 2014'!F51))
A39: =IF(ISBLANK('October 2014'!A55),"",IF(ISTEXT('October 2014'!A55),0,'October 2014'!A55)) -> 408308 | B39: =IF(ISBLANK('October 2014'!F55),"",IF(ISTEXT('October 2014'!F55),0,'October 2014'!F55)) -> 19.34
A40: =IF(ISBLANK('October 2014'!A59),"",IF(ISTEXT('October 2014'!A59),0,'October 2014'!A59)) -> 407727 | B40: =IF(ISBLANK('October 2014'!F59),"",IF(ISTEXT('October 2014'!F59),0,'October 2014'!F59)) -> 158.5
A41: =IF(ISBLANK('October 2014'!A63),"",IF(ISTEXT('October 2014'!A63),0,'October 2014'!A63)) -> 407728 | B41: =IF(ISBLANK('October 2014'!F63),"",IF(ISTEXT('October 2014'!F63),0,'October 2014'!F63)) -> 187.04
A42: =IF(ISBLANK('October 2014'!A64),"",IF(ISTEXT('October 2014'!A64),0,'October 2014'!A64)) -> 408986 | B42: =IF(ISBLANK('October 2014'!F64),"",IF(ISTEXT('October 2014'!F64),0,'October 2014'!F64)) -> 750
A43: =IF(ISBLANK('October 2014'!A68),"",IF(ISTEXT('October 2014'!A68),0,'October 2014'!A68)) -> 408009 | B43: =IF(ISBLANK('October 2014'!F68),"",IF(ISTEXT('October 2014'!F68),0,'October 2014'!F68)) -> 67.08
A44: =IF(ISBLANK('October 2014'!A69),"",IF(ISTEXT('October 2014'!A69),0,'October 2014'!A69)) -> 408633 | B44: =IF(ISBLANK('October 2014'!F69),"",IF(ISTEXT('October 2014'!F69),0,'October 2014'!F69)) -> 215.1
A45: =IF(ISBLANK('October 2014'!A73),"",IF(ISTEXT('October 2014'!A73),0,'October 2014'!A73)) -> 408863 | B45: =IF(ISBLANK('October 2014'!F73),"",IF(ISTEXT('October 2014'!F73),0,'October 2014'!F73)) -> 1781.25
A46: =IF(ISBLANK('October 2014'!A77),"",IF(ISTEXT('October 2014'!A77),0,'October 2014'!A77)) -> 408309 | B46: =IF(ISBLANK('October 2014'!F77),"",IF(ISTEXT('October 2014'!F77),0,'October 2014'!F77)) -> 100
A47: =IF(ISBLANK('October 2014'!A78),"",IF(ISTEXT('October 2014'!A78),0,'October 2014'!A78)) | B47: =IF(ISBLANK('October 2014'!F78),"",IF(ISTEXT('October 2014'!F78),0,'October 2014'!F78)) -> 100
A48: =IF(ISBLANK('October 2014'!A79),"",IF(ISTEXT('October 2014'!A79),0,'October 2014'!A79)) | B48: =IF(ISBLANK('October 2014'!F79),"",IF(ISTEXT('October 2014'!F79),0,'October 2014'!F79)) -> 100
A49: =IF(ISBLANK('October 2014'!A80),"",IF(ISTEXT('October 2014'!A80),0,'October 2014'!A80)) | B49: =IF(ISBLANK('October 2014'!F80),"",IF(ISTEXT('October 2014'!F80),0,'October 2014'!F80)) -> 450
A50: =IF(ISBLANK('October 2014'!A81),"",IF(ISTEXT('October 2014'!A81),0,'October 2014'!A81)) | B50: =IF(ISBLANK('October 2014'!F81),"",IF(ISTEXT('October 2014'!F81),0,'October 2014'!F81)) -> 450
A51: =IF(ISBLANK('October 2014'!A82),"",IF(ISTEXT('October 2014'!A82),0,'October 2014'!A82)) -> 408634 | B51: =IF(ISBLANK('October 2014'!F82),"",IF(ISTEXT('October 2014'!F82),0,'October 2014'!F82)) -> 450
A52: =IF(ISBLANK('October 2014'!A83),"",IF(ISTEXT('October 2014'!A83),0,'October 2014'!A83)) | B52: =IF(ISBLANK('October 2014'!F83),"",IF(ISTEXT('October 2014'!F83),0,'October 2014'!F83)) -> 450
A53: =IF(ISBLANK('October 2014'!A84),"",IF(ISTEXT('October 2014'!A84),0,'October 2014'!A84)) | B53: =IF(ISBLANK('October 2014'!F84),"",IF(ISTEXT('October 2014'!F84),0,'October 2014'!F84)) -> 450
A54: =IF(ISBLANK('October 2014'!A85),"",IF(ISTEXT('October 2014'!A85),0,'October 2014'!A85)) -> 408987 | B54: =IF(ISBLANK('October 2014'!F85),"",IF(ISTEXT('October 2014'!F85),0,'October 2014'!F85)) -> 450
A55: =IF(ISBLANK('October 2014'!A89),"",IF(ISTEXT('October 2014'!A89),0,'October 2014'!A89)) -> 408988 | B55: =IF(ISBLANK('October 2014'!F89),"",IF(ISTEXT('October 2014'!F89),0,'October 2014'!F89)) -> 383.76
A56: =IF(ISBLANK('October 2014'!A93),"",IF(ISTEXT('October 2014'!A93),0,'October 2014'!A93)) -> 407729 | B56: =IF(ISBLANK('October 2014'!F93),"",IF(ISTEXT('October 2014'!F93),0,'October 2014'!F93)) -> 780
A57: =IF(ISBLANK('October 2014'!A94),"",IF(ISTEXT('October 2014'!A94),0,'October 2014'!A94)) | B57: =IF(ISBLANK('October 2014'!F94),"",IF(ISTEXT('October 2014'!F94),0,'October 2014'!F94))
A58: =IF(ISBLANK('October 2014'!A95),"",IF(ISTEXT('October 2014'!A95),0,'October 2014'!A95)) | B58: =IF(ISBLANK('October 2014'!F95),"",IF(ISTEXT('October 2014'!F95),0,'October 2014'!F95))
A59: =IF(ISBLANK('October 2014'!A96),"",IF(ISTEXT('October 2014'!A96),0,'October 2014'!A96)) | B59: =IF(ISBLANK('October 2014'!F96),"",IF(ISTEXT('October 2014'!F96),0,'October 2014'!F96))
A60: =IF(ISBLANK('October 2014'!A97),"",IF(ISTEXT('October 2014'!A97),0,'October 2014'!A97)) | B60: =IF(ISBLANK('October 2014'!F97),"",IF(ISTEXT('October 2014'!F97),0,'October 2014'!F97))
A61: =IF(ISBLANK('October 2014'!A98),"",IF(ISTEXT('October 2014'!A98),0,'October 2014'!A98)) | B61: =IF(ISBLANK('October 2014'!F98),"",IF(ISTEXT('October 2014'!F98),0,'October 2014'!F98))
A62: =IF(ISBLANK('October 2014'!A99),"",IF(ISTEXT('October 2014'!A99),0,'October 2014'!A99)) | B62: =IF(ISBLANK('October 2014'!F99),"",IF(ISTEXT('October 2014'!F99),0,'October 2014'!F99))
A63: =IF(ISBLANK('October 2014'!A100),"",IF(ISTEXT('October 2014'!A100),0,'October 2014'!A100)) | B63: =IF(ISBLANK('October 2014'!F100),"",IF(ISTEXT('October 2014'!F100),0,'October 2014'!F100))
A64: =IF(ISBLANK('October 2014'!A101),"",IF(ISTEXT('October 2014'!A101),0,'October 2014'!A101)) -> 408470 | B64: =IF(ISBLANK('October 2014'!F101),"",IF(ISTEXT('October 2014'!F101),0,'October 2014'!F101)) -> 460
A65: =IF(ISBLANK('October 2014'!A102),"",IF(ISTEXT('October 2014'!A102),0,'October 2014'!A102)) | B65: =IF(ISBLANK('October 2014'!F102),"",IF(ISTEXT('October 2014'!F102),0,'October 2014'!F102))
A66: =IF(ISBLANK('October 2014'!A106),"",IF(ISTEXT('October 2014'!A106),0,'October 2014'!A106)) -> 408010 | B66: =IF(ISBLANK('October 2014'!F106),"",IF(ISTEXT('October 2014'!F106),0,'October 2014'!F106)) -> 52
A67: =IF(ISBLANK('October 2014'!A107),"",IF(ISTEXT('October 2014'!A107),0,'October 2014'!A107)) | B67: =IF(ISBLANK('October 2014'!F107),"",IF(ISTEXT('October 2014'!F107),0,'October 2014'!F107)) -> 4439.52
A68: =IF(ISBLANK('October 2014'!A108),"",IF(ISTEXT('October 2014'!A108),0,'October 2014'!A108)) -> 408471 | B68: =IF(ISBLANK('October 2014'!F108),"",IF(ISTEXT('October 2014'!F108),0,'October 2014'!F108)) -> 55
A69: =IF(ISBLANK('October 2014'!A109),"",IF(ISTEXT('October 2014'!A109),0,'October 2014'!A109)) | B69: =IF(ISBLANK('October 2014'!F109),"",IF(ISTEXT('October 2014'!F109),0,'October 2014'!F109)) -> 10836.5
A70: =IF(ISBLANK('October 2014'!A110),"",IF(ISTEXT('October 2014'!A110),0,'October 2014'!A110)) -> 408635 | B70: =IF(ISBLANK('October 2014'!F110),"",IF(ISTEXT('October 2014'!F110),0,'October 2014'!F110)) -> 483.5
A71: =IF(ISBLANK('October 2014'!A114),"",IF(ISTEXT('October 2014'!A114),0,'October 2014'!A114)) -> 407730 | B71: =IF(ISBLANK('October 2014'!F114),"",IF(ISTEXT('October 2014'!F114),0,'October 2014'!F114)) -> 184.64
A72: =IF(ISBLANK('October 2014'!A115),"",IF(ISTEXT('October 2014'!A115),0,'October 2014'!A115)) -> 408636 | B72: =IF(ISBLANK('October 2014'!F115),"",IF(ISTEXT('October 2014'!F115),0,'October 2014'!F115)) -> 127.08
A73: =IF(ISBLANK('October 2014'!A116),"",IF(ISTEXT('October 2014'!A116),0,'October 2014'!A116)) | B73: =IF(ISBLANK('October 2014'!F116),"",IF(ISTEXT('October 2014'!F116),0,'October 2014'!F116))
A74: =IF(ISBLANK('October 2014'!A117),"",IF(ISTEXT('October 2014'!A117),0,'October 2014'!A117)) | B74: =IF(ISBLANK('October 2014'!F117),"",IF(ISTEXT('October 2014'!F117),0,'October 2014'!F117)) -> 23.39
A75: =IF(ISBLANK('October 2014'!A118),"",IF(ISTEXT('October 2014'!A118),0,'October 2014'!A118)) | B75: =IF(ISBLANK('October 2014'!F118),"",IF(ISTEXT('October 2014'!F118),0,'October 2014'!F118)) -> 15.69
A76: =IF(ISBLANK('October 2014'!A119),"",IF(ISTEXT('October 2014'!A119),0,'October 2014'!A119)) | B76: =IF(ISBLANK('October 2014'!F119),"",IF(ISTEXT('October 2014'!F119),0,'October 2014'!F119)) -> 91.64
A77: =IF(ISBLANK('October 2014'!A120),"",IF(ISTEXT('October 2014'!A120),0,'October 2014'!A120)) | B77: =IF(ISBLANK('October 2014'!F120),"",IF(ISTEXT('October 2014'!F120),0,'October 2014'!F120)) -> -120.33
A78: =IF(ISBLANK('October 2014'!A121),"",IF(ISTEXT('October 2014'!A121),0,'October 2014'!A121)) | B78: =IF(ISBLANK('October 2014'!F121),"",IF(ISTEXT('October 2014'!F121),0,'October 2014'!F121)) -> 604.41
A79: =IF(ISBLANK('October 2014'!A122),"",IF(ISTEXT('October 2014'!A122),0,'October 2014'!A122)) | B79: =IF(ISBLANK('October 2014'!F122),"",IF(ISTEXT('October 2014'!F122),0,'October 2014'!F122))
A80: =IF(ISBLANK('October 2014'!A123),"",IF(ISTEXT('October 2014'!A123),0,'October 2014'!A123)) -> 408989 | B80: =IF(ISBLANK('October 2014'!F123),"",IF(ISTEXT('October 2014'!F123),0,'October 2014'!F123)) -> 15.91
A81: =IF(ISBLANK('October 2014'!A127),"",IF(ISTEXT('October 2014'!A127),0,'October 2014'!A127)) -> 408310 | B81: =IF(ISBLANK('October 2014'!F127),"",IF(ISTEXT('October 2014'!F127),0,'October 2014'!F127)) -> 1169.6
A82: =IF(ISBLANK('October 2014'!A131),"",IF(ISTEXT('October 2014'!A131),0,'October 2014'!A131)) -> 407962 | B82: =IF(ISBLANK('October 2014'!F131),"",IF(ISTEXT('October 2014'!F131),0,'October 2014'!F131)) -> 184
A83: =IF(ISBLANK('October 2014'!A135),"",IF(ISTEXT('October 2014'!A135),0,'October 2014'!A135)) -> 408011 | B83: =IF(ISBLANK('October 2014'!F135),"",IF(ISTEXT('October 2014'!F135),0,'October 2014'!F135)) -> 1316.95
A84: =IF(ISBLANK('October 2014'!A136),"",IF(ISTEXT('October 2014'!A136),0,'October 2014'!A136)) | B84: =IF(ISBLANK('October 2014'!F136),"",IF(ISTEXT('October 2014'!F136),0,'October 2014'!F136)) -> 1050.06
A85: =IF(ISBLANK('October 2014'!A137),"",IF(ISTEXT('October 2014'!A137),0,'October 2014'!A137)) | B85: =IF(ISBLANK('October 2014'!F137),"",IF(ISTEXT('October 2014'!F137),0,'October 2014'!F137)) -> 195.08
A86: =IF(ISBLANK('October 2014'!A138),"",IF(ISTEXT('October 2014'!A138),0,'October 2014'!A138)) -> 408311 | B86: =IF(ISBLANK('October 2014'!F138),"",IF(ISTEXT('October 2014'!F138),0,'October 2014'!F138)) -> 1334.85
A87: =IF(ISBLANK('October 2014'!A139),"",IF(ISTEXT('October 2014'!A139),0,'October 2014'!A139)) | B87: =IF(ISBLANK('October 2014'!F139),"",IF(ISTEXT('October 2014'!F139),0,'October 2014'!F139)) -> 575.77
A88: =IF(ISBLANK('October 2014'!A140),"",IF(ISTEXT('October 2014'!A140),0,'October 2014'!A140)) | B88: =IF(ISBLANK('October 2014'!F140),"",IF(ISTEXT('October 2014'!F140),0,'October 2014'!F140)) -> 237.58
A89: =IF(ISBLANK('October 2014'!A141),"",IF(ISTEXT('October 2014'!A141),0,'October 2014'!A141)) | B89: =IF(ISBLANK('October 2014'!F141),"",IF(ISTEXT('October 2014'!F141),0,'October 2014'!F141))
A90: =IF(ISBLANK('October 2014'!A142),"",IF(ISTEXT('October 2014'!A142),0,'October 2014'!A142)) -> 408637 | B90: =IF(ISBLANK('October 2014'!F142),"",IF(ISTEXT('October 2014'!F142),0,'October 2014'!F142)) -> 2301.5
A91: =IF(ISBLANK('October 2014'!A143),"",IF(ISTEXT('October 2014'!A143),0,'October 2014'!A143)) | B91: =IF(ISBLANK('October 2014'!F143),"",IF(ISTEXT('October 2014'!F143),0,'October 2014'!F143))
A92: =IF(ISBLANK('October 2014'!A144),"",IF(ISTEXT('October 2014'!A144),0,'October 2014'!A144)) | B92: =IF(ISBLANK('October 2014'!F144),"",IF(ISTEXT('October 2014'!F144),0,'October 2014'!F144)) -> 2071.51
A93: =IF(ISBLANK('October 2014'!A145),"",IF(ISTEXT('October 2014'!A145),0,'October 2014'!A145)) | B93: =IF(ISBLANK('October 2014'!F145),"",IF(ISTEXT('October 2014'!F145),0,'October 2014'!F145))
A94: =IF(ISBLANK('October 2014'!A146),"",IF(ISTEXT('October 2014'!A146),0,'October 2014'!A146)) | B94: =IF(ISBLANK('October 2014'!F146),"",IF(ISTEXT('October 2014'!F146),0,'October 2014'!F146)) -> 280.8
... A104: =IF(ISBLANK('October 2014'!A156),"",IF(ISTEXT('October 2014'!A156),0,'October 2014'!A156)) | B104: =IF(ISBLANK('October 2014'!F156),"",IF(ISTEXT('October 2014'!F156),0,'October 2014'!F156))
A105: =IF(ISBLANK('October 2014'!A160),"",IF(ISTEXT('October 2014'!A160),0,'October 2014'!A160)) -> 407731 | B105: =IF(ISBLANK('October 2014'!F160),"",IF(ISTEXT('October 2014'!F160),0,'October 2014'!F160)) -> 3
A106: =IF(ISBLANK('October 2014'!A161),"",IF(ISTEXT('October 2014'!A161),0,'October 2014'!A161)) -> 408472 | B106: =IF(ISBLANK('October 2014'!F161),"",IF(ISTEXT('October 2014'!F161),0,'October 2014'!F161)) -> 5
A107: =IF(ISBLANK('October 2014'!A165),"",IF(ISTEXT('October 2014'!A165),0,'October 2014'!A165)) -> 407732 | B107: =IF(ISBLANK('October 2014'!F165),"",IF(ISTEXT('October 2014'!F165),0,'October 2014'!F165)) -> 1040.8
A108: =IF(ISBLANK('October 2014'!A169),"",IF(ISTEXT('October 2014'!A169),0,'October 2014'!A169)) -> 408991 | B108: =IF(ISBLANK('October 2014'!F169),"",IF(ISTEXT('October 2014'!F169),0,'October 2014'!F169)) -> 1024.6
A109: =IF(ISBLANK('October 2014'!A170),"",IF(ISTEXT('October 2014'!A170),0,'October 2014'!A170)) | B109: =IF(ISBLANK('October 2014'!F170),"",IF(ISTEXT('October 2014'!F170),0,'October 2014'!F170))
A110: =IF(ISBLANK('October 2014'!A171),"",IF(ISTEXT('October 2014'!A171),0,'October 2014'!A171)) | B110: =IF(ISBLANK('October 2014'!F171),"",IF(ISTEXT('October 2014'!F171),0,'October 2014'!F171))
A111: =IF(ISBLANK('October 2014'!A175),"",IF(ISTEXT('October 2014'!A175),0,'October 2014'!A175)) -> 407963 | B111: =IF(ISBLANK('October 2014'!F175),"",IF(ISTEXT('October 2014'!F175),0,'October 2014'!F175)) -> 215
A112: =IF(ISBLANK('October 2014'!A179),"",IF(ISTEXT('October 2014'!A179),0,'October 2014'!A179)) -> 407964 | B112: =IF(ISBLANK('October 2014'!F179),"",IF(ISTEXT('October 2014'!F179),0,'October 2014'!F179)) -> 1672.23
A113: =IF(ISBLANK('October 2014'!A183),"",IF(ISTEXT('October 2014'!A183),0,'October 2014'!A183)) -> 407733 | B113: =IF(ISBLANK('October 2014'!F183),"",IF(ISTEXT('October 2014'!F183),0,'October 2014'!F183)) -> 27.53
A114: =IF(ISBLANK('October 2014'!A187),"",IF(ISTEXT('October 2014'!A187),0,'October 2014'!A187)) -> 408012 | B114: =IF(ISBLANK('October 2014'!F187),"",IF(ISTEXT('October 2014'!F187),0,'October 2014'!F187)) -> 425
A115: =IF(ISBLANK('October 2014'!A191),"",IF(ISTEXT('October 2014'!A191),0,'October 2014'!A191)) -> 407734 | B115: =IF(ISBLANK('October 2014'!F191),"",IF(ISTEXT('October 2014'!F191),0,'October 2014'!F191)) -> 65.89
A116: =IF(ISBLANK('October 2014'!A192),"",IF(ISTEXT('October 2014'!A192),0,'October 2014'!A192)) -> 408473 | B116: =IF(ISBLANK('October 2014'!F192),"",IF(ISTEXT('October 2014'!F192),0,'October 2014'!F192)) -> 52.03
A117: =IF(ISBLANK('October 2014'!A193),"",IF(ISTEXT('October 2014'!A193),0,'October 2014'!A193)) -> 408638 | B117: =IF(ISBLANK('October 2014'!F193),"",IF(ISTEXT('October 2014'!F193),0,'October 2014'!F193)) -> 236.2
A118: =IF(ISBLANK('October 2014'!A194),"",IF(ISTEXT('October 2014'!A194),0,'October 2014'!A194)) | B118: =IF(ISBLANK('October 2014'!F194),"",IF(ISTEXT('October 2014'!F194),0,'October 2014'!F194))
A119: =IF(ISBLANK('October 2014'!A198),"",IF(ISTEXT('October 2014'!A198),0,'October 2014'!A198)) -> 408864 | B119: =IF(ISBLANK('October 2014'!F198),"",IF(ISTEXT('October 2014'!F198),0,'October 2014'!F198)) -> 102.35
A120: =IF(ISBLANK('October 2014'!A202),"",IF(ISTEXT('October 2014'!A202),0,'October 2014'!A202)) -> 408013 | B120: =IF(ISBLANK('October 2014'!F202),"",IF(ISTEXT('October 2014'!F202),0,'October 2014'!F202)) -> 676.04
A121: =IF(ISBLANK('October 2014'!A206),"",IF(ISTEXT('October 2014'!A206),0,'October 2014'!A206)) -> 408992 | B121: =IF(ISBLANK('October 2014'!F206),"",IF(ISTEXT('October 2014'!F206),0,'October 2014'!F206)) -> 208.64
A122: =IF(ISBLANK('October 2014'!A210),"",IF(ISTEXT('October 2014'!A210),0,'October 2014'!A210)) -> 408993 | B122: =IF(ISBLANK('October 2014'!F210),"",IF(ISTEXT('October 2014'!F210),0,'October 2014'!F210)) -> 56
...
